 Dungeon Crawl Stone Soup version 0.32-a0-42-ga30500b4d3 (webtiles) character file.

Game seed: 7919101166780334130

84 anacleto the Changeling (level 4, -3/41 HPs)
             Began as a Troll Shapeshifter on Jan 27, 2024.
             Slain by a gnoll
             ... wielding a +0 halberd
              (14 damage)
             ... on level 3 of the Dungeon.
             The game lasted 00:02:27 (1893 turns).

anacleto the Changeling (Troll Shapeshifter)        Turns: 1893, Time: 00:02:27

Health: -3/41      AC:  4    Str: 24    XL:     4   Next: 24%
Magic:  3/3        EV: 10    Int:  6    God:
Gold:   105        SH:  0    Dex:  9    Spells: 3/3 levels left

rFire   . .          .
                       - Unarmed
rCold   . . .        (no shield)
rNeg    . . .        a - +0 animal skin
rPois   .            (helmet currently unavailable)
rElec   .            (cloak currently unavailable)
rCorr   .            (gloves unavailable)
SInv    .            (boots unavailable)
Will    .....        (no amulet)
Stlth   +            (no ring)
HPRegen 1.06/turn    (no ring)
MPRegen 0.08/turn

%: no passive effects
@: beast-form
A: beast (slay +2), large, unfitting armour, claws 3, regeneration 1, shaggy fur
1, tough skin 1
a: Begin Untransformation


You were on level 3 of the Dungeon.
You were a hulking beast.
You visited 1 branch of the dungeon, and saw 3 of its levels.

You collected 105 gold pieces.

Inventory:

Missiles
 h - 6 curare-tipped darts (quivered)
Armour
 a - a +0 animal skin (worn)
Jewellery
 i - a ring of fire
 p - a ring of ice
Talismans
 c - a beast talisman
 d - a flux talisman
 n - a maw talisman
Scrolls
 e - 6 scrolls of identify {unknown}
 f - a scroll of noise {unknown}
 g - a scroll of enchant weapon {unknown}
 j - a scroll of fear {unknown}
Potions
 b - 2 potions of lignification
 k - 2 potions of degeneration {unknown}
 l - 2 potions of invisibility {unknown}
 m - a potion of cancellation {unknown}
 o - a potion of might {unknown}


   Skills:
 + Level 1.4 Fighting
 + Level 1.0 Throwing
 + Level 2.1 Dodging
 + Level 3.3 Unarmed Combat
 * Level 3.8 Shapeshifting


You had 3 spell levels left.
You didn't know any spells.
Your spell library contained the following spells:

 Spells                   Type           Power      Damage    Failure   Level
 Magic Dart               Conj           0%         1d3       45%         1
 Searing Ray              Conj           0%         2d4       58%         2
 Fulminant Prism          Conj/Alch      0%         3d5       99%         4
 Summon Forest            Summ/Tloc      0%         N/A       100%        5
 Eringya's Noxious Bog    Alch           0%         4d6       100%        6
 Summon Hydra             Summ           0%         N/A       100%        7


Dungeon Overview and Level Annotations

Branches:
Dungeon (3/15)

Altars:


Innate Abilities, Weirdness & Mutations

You are a hulking beast.
Your limbs bulge with bestial killing power. (Slay +2)
You are too large for most types of armour.
You have claws for hands.
Your natural rate of healing is unusually fast.
You are covered in fur. (AC +1)
You have tough skin. (AC +1)


Message History

You now have 105 gold pieces (gained 11).
e - 6 scrolls labelled DOMITY HESYNN (gained 1)
You open the door.
An adder comes into view.
The adder hisses angrily.
There is an open door here.
An adder is nearby!
You claw the adder!
The adder is almost dead.
The adder bites you but does no damage.
You scratch the adder.
You kill the adder!
You have reached level 4!
A gnoll comes into view. It is wielding a +0 whip.
A gnoll is nearby!
Found 16 gold pieces.
The gnoll shouts!
You hear a shout!
A gnoll comes into view. It is wielding a +0 halberd.
A gnoll comes into view. It is wielding a +0 whip.
The gnoll shouts!
A gnoll comes into view. It is wielding a +0 halberd.
The gnoll hits you with a +0 whip.
The gnoll moves out of view.
You claw the gnoll!
You kill the gnoll!
Your Throwing skill increases to level 1!
The gnoll hits you with a +0 halberd!
The gnoll hits you from afar with a +0 halberd!
You see here a +0 whip.
You scratch the gnoll.
The gnoll is moderately wounded.
The gnoll hits you with a +0 halberd. The gnoll completely misses you.
You closely miss the gnoll.
The gnoll is moderately wounded.
The gnoll hits you from afar with a +0 halberd.
The gnoll hits you with a +0 halberd!
* * * LOW HITPOINT WARNING * * *
You closely miss the gnoll.
The gnoll is moderately wounded.
The gnoll hits you with a +0 halberd!
You die... #.#. ... $..## .... #..## .gg

#g#############
#h##..........#
#..#..........#
##............#
##...........#
##..........#
#..........####
#....†.........
####+###'######
#.....#


You could see 3 gnolls.

Vanquished Creatures
  A gnoll (D:3)
  4 adders
  A ribbon worm (D:2)
  5 ball pythons
  6 endoplasms
  2 giant cockroaches (D:2)
  3 goblins
  A hobgoblin (D:3)
  4 kobolds
  2 quokkas (D:1)
  4 bats
  A frilled lizard (D:2)
  A rat (D:1)
35 creatures vanquished.

Notes
Turn   | Place    | Note
-------+----------+-------------------------------------------
     0 | D:1      | anacleto the Troll Shapeshifter began the quest for the
                  | Orb.
     0 | D:1      | Reached XP level 1. HP: 18/18 MP: 0/0
   260 | D:1      | Reached skill level 1 in Fighting
   345 | D:1      | Reached XP level 2. HP: 27/27 MP: 1/1
   938 | D:2      | Reached XP level 3. HP: 31/33 MP: 2/2
  1882 | D:3      | Reached XP level 4. HP: 41/41 MP: 3/3
  1890 | D:3      | Reached skill level 1 in Throwing
  1893 | D:3      | Slain by a gnoll

Illustrated notes

Levels and vault maps discovered:
D:1:      nicolae_arrival_somewhat_less_tricky_arrival, layout_loops_cross
D:2:      mumra_celtic_spiral_tile, layout_basic
D:3:      layout_basic, ebering_ecumenical_altar_mist, uniq_grinder

Skill      XL: |  1  2  3  4 |
---------------+-------------+-----
Fighting       | 1 |  1.4
Dodging        | 2 |  2.1
Throwing       | 1 |  1.0
Unarmed Combat | |  3.3
Shapeshifting  | |  3.8

Action                     |  1- 3 |  4- 6 || total
---------------------------+-------+-------++-------
  Melee: Unarmed           |    74 |     4 ||    78
         Punch             |     1 |       ||     1
 Armour: Animal skin       |    48 |     7 ||    55
  Dodge: Dodged            |    29 |     1 ||    30

Table legend: (Time is in decaauts)
 A = Elapsed time spent in this place.
 B = Non-inter-level travel time spent in this place.
 C = Inter-level travel time spent in this place.
 D = Time resting spent in this place.
 E = Time spent auto-exploring this place.
 F = Levels seen in this place.
 G = Mean time per level.
                   A        B        C        D        E       F      G
               +--------+--------+--------+--------+--------+-----+--------+
         Total |   1888 |   1849 |     39 |      0 |   1555 |   3 |  629.3 |
       Dungeon |   1888 |   1849 |     39 |      0 |   1555 |   3 |  629.3 |
               +--------+--------+--------+--------+--------+-----+--------+

Top non-repeatable levels by time:
     D:2: 956 daAuts
     D:1: 761 daAuts
     D:3: 170 daAuts
